 Dungeon Crawl Stone Soup version 0.19-a0-1210-g5c1aa26 (webtiles) character file.

2015 Ijustatesigmund the Conjurer (level 9, -13/56 HPs)
             Began as an Octopode Conjurer on Aug 22, 2016.
             Killed by divine providence
             ... invoked by an orc priest
              (15 damage)
             ... on level 6 of the Dungeon.
             The game lasted 00:33:22 (8029 turns).

Ijustatesigmund the Conjurer (Octopode Conjurer)    Turns: 8029, Time: 00:33:22

Health: -13/56     AC:  1    Str:  8    XL:     9   Next: 22%
Magic:  9/16       EV: 15    Int: 17    God:
Gold:   379        SH:  0    Dex: 15    Spells: 4 memorised, 7 levels left

rFire  . . .     SeeInvis +     t - +3 dagger (elec)
rCold  . . .     Gourm    .     (no shield)
rNeg   . . .     Faith    .     (helmet restricted)
rPois  .         Spirit   .     (no amulet)
rElec  .         Dismiss  .     x - ring of see invisible
rCorr  .         Reflect  .     (no ring)
MR     .....     Harm     .     (no ring)
Stlth  +++++.....               (no ring)
                                (no ring)
                                (no ring)
                                (no ring)
                                (no ring)

@: no status effects
A: almost no armour, amphibious, 8 rings, constrict 8, camouflage 1, gelatinous
body 1
a: no special abilities


You were on level 6 of the Dungeon.
You were not hungry.

You visited 2 branches of the dungeon, and saw 8 of its levels.

You collected 379 gold pieces.

Inventory:

Hand Weapons
 d - a cursed -3 dagger
 j - a +1 vampiric falchion
 k - a cursed +3 short sword of freezing
 t - a +3 dagger of electrocution (weapon)
Missiles
 c - 11 tomahawks
 e - 9 javelins (quivered)
Jewellery
 u - an uncursed ring of ice
 x - a ring of see invisible (left tentacle)
 B - an uncursed amulet of regeneration {unknown}
Wands
 m - a wand of polymorph (4/24)
 w - a wand of slowing (30/48)
Scrolls
 h - 3 scrolls of blinking
 l - 2 scrolls of immolation
 y - a scroll of fear
Potions
 f - a potion of brilliance
 o - 2 potions of mutation
 q - 3 potions of agility {unknown}
 s - a potion of might
 z - 2 potions of invisibility {unknown}
 A - a potion of cancellation {unknown}
 C - a potion of flight {unknown}
Books
 a - a book of Conjurations

   Spells                             Type                      Level
   a - Magic Dart                     Conjuration                  1
   b - Searing Ray                    Conjuration                  2
   c - Dazzling Spray                 Conjuration/Hexes            3
   d - Fulminant Prism                Conjuration/Hexes            4
   e - Iskenderun's Mystic Blast      Conjuration                  4
   f - Iskenderun's Battlesphere      Conjuration/Charms           5
 r - a book of Annihilations

   Spells                             Type                      Level
   a - Poison Arrow                   Conjuration/Poison           6
   b - Chain Lightning                Conjuration/Air              8
   c - Lehudib's Crystal Spear        Conjuration/Earth            8
   d - Glaciate                       Conjuration/Ice              9
   e - Fire Storm                     Conjuration/Fire             9
 v - a book of the Earth

   Spells                             Type                      Level
   a - Leda's Liquefaction            Hexes/Earth                  4
   b - Bolt of Magma                  Conjuration/Fire/Earth       5
   c - Statue Form                    Transmutation/Earth          6
   d - Iron Shot                      Conjuration/Earth            6
   e - Shatter                        Earth                        9
Comestibles
 b - 3 bread rations
 g - 3 chunks of flesh
 i - 2 beef jerkies
 n - 3 meat rations
 p - a slice of pizza


   Skills:
 + Level 3.1 Fighting
 + Level 3.2 Short Blades
 - Level 4.0 Throwing
 + Level 4.2 Dodging
 - Level 6.5 Stealth
 - Level 4.8 Spellcasting
 - Level 7.1 Conjurations
 - Level 2.0 Hexes


You had 7 spell levels left.
You knew the following spells:

 Your Spells              Type           Power        Failure   Level  Hunger
a - Magic Dart            Conj           ####         1%          1    None
b - Searing Ray           Conj           ####..       1%          2    #......
c - Dazzling Spray        Conj/Hex       ###...       10%         3    ###....
d - Iskenderun's Mystic   Conj           ####....     10%         4    ####...


Dungeon Overview and Level Annotations

Branches:
Dungeon (7/15)             Temple (1/1) D:5

Altars:
Ashenzari
Dithmenos
Elyvilon
Fedhas
Gozag
Hepliaklqana
Kikubaaqudgha
Makhleb
Nemelex Xobeh
Okawaru
Ru
Sif Muna
Trog
Uskayaw
Vehumet
Yredelemnul
The Shining One


Innate Abilities, Weirdness & Mutations

You cannot wear most types of armour.
You are amphibious.
You can wear up to eight rings at the same time.
You can use your tentacles to constrict eight enemies at once.
Your skin changes colour to match your surroundings (Stealth+).
Your rubbery body absorbs attacks. (AC +1, EV +1)


Message History

Aiming: Dazzling Spray
Press: ? - help, Shift-Dir - straight line, f/p - orc priest
Aim: an orc priest, wielding a dagger (moderately wounded)
The spray of energy hits the orc priest.
The orc priest is heavily wounded.
The orc priest is dazzled.
The orc priest hits you with a dagger.
* * * LOW HITPOINT WARNING * * *
The orc priest misses you.
You climb upwards.
There is a stone staircase leading down here.
You closely miss the orc priest. You grab the orc priest.
The orc priest is heavily wounded.
You constrict the orc priest.
The orc priest struggles to escape constriction.
You hit the orc priest.
The orc priest is severely wounded.
You constrict the orc priest.
The orc priest is no longer blind.
The orc priest invokes the aid of Beogh against you.
Beogh smites you!
You die...

### ######.#
#......##############
#......'.....#.......
#......#####.#.######
#..........#.#.######
#..................<.
#...o......########.#
####@[...............
####[##.##.......#
#....##.......#
######..####.......#
#..........'.......#
#........###.......#
#........# #...#####
#.......## #.#.รท..#.
#.......####.####.#.


You could see an orc priest.

Vanquished Creatures
  Sigmund (D:6)
  Menkaure (D:5)
  An ice beast (D:5)
  A sky beast (D:6)
  2 phantoms
  An orc warrior (D:7)
  An ogre (D:4)
  A centaur (D:5)
  2 scorpions
  4 wights (D:4)
  2 crimson imps
  A jelly (D:6)
  A hound (D:4)
  An orc priest (D:4)
  7 orc wizards
  A centaur skeleton (D:4)
  Terence (D:2)
  2 iguanas (D:4)
  4 worker ants
  Ijyb (D:2)
  A hound zombie (D:5)
  2 hound skeletons (D:4)
  4 gnolls (D:3)
  8 adders
  A shadow imp (D:5)
  An adder skeleton (D:5)
  5 worms
  A dart slug (D:2)
  A giant gecko (D:4)
  22 orcs
  3 ball pythons
  8 bats
  5 giant cockroaches
  9 goblins
  8 hobgoblins
  2 quokkas
  4 giant newts
  2 kobolds
  7 rats
130 creatures vanquished.

Notes
Turn   | Place    | Note
-------+----------+-------------------------------------------
     0 | D:1      | Ijustatesigmund the Octopode Conjurer began the quest for the Orb.
     0 | D:1      | Reached XP level 1. HP: 11/11 MP: 3/3
   286 | D:1      | Reached skill level 1 in Fighting
   286 | D:1      | Reached XP level 2. HP: 18/18 MP: 0/5
   337 | D:1      | Learned a level 2 spell: Searing Ray
   952 | D:2      | Reached XP level 3. HP: 23/23 MP: 3/6
  1232 | D:2      | Reached skill level 1 in Short Blades
  1361 | D:2      | Noticed Ijyb
  1375 | D:2      | Killed Ijyb
  1375 | D:2      | Reached XP level 4. HP: 26/28 MP: 0/7
  1583 | D:2      | Noticed Terence
  1589 | D:2      | Killed Terence
  1948 | D:2      | Found a white marble altar of Elyvilon.
  1948 | D:2      | Found a glowing golden altar of the Shining One.
  1984 | D:2      | Reached XP level 5. HP: 33/33 MP: 4/8
  2152 | D:2      | Learned a level 3 spell: Dazzling Spray
  2423 | D:3      | Reached skill level 1 in Hexes
  3325 | D:4      | Reached XP level 6. HP: 22/39 MP: 1/9
  3738 | D:4      | Noticed a phantom
  3829 | D:5      | Entered Level 5 of the Dungeon
  4380 | D:4      | Reached skill level 5 in Conjurations
  4502 | D:3      | Reached XP level 7. HP: 46/46 MP: 8/10
  4508 | D:3      | Learned a level 4 spell: Iskenderun's Mystic Blast
  5134 | D:5      | Noticed Menkaure
  5141 | D:5      | Killed Menkaure
  5551 | D:5      | Reached XP level 8. HP: 41/52 MP: 7/13
  5850 | D:5      | Reached skill level 5 in Stealth
  5850 | D:5      | Reached skill level 6 in Conjurations
  6002 | D:5      | Found a staircase to the Ecumenical Temple.
  6011 | Temple   | Entered the Ecumenical Temple
  6904 | D:6      | Reached skill level 7 in Conjurations
  7322 | D:6      | Reached skill level 1 in Throwing
  7327 | D:6      | Noticed Sigmund
  7340 | D:6      | Killed Sigmund
  7340 | D:6      | Reached XP level 9. HP: 48/56 MP: 6/16
  8025 | D:7      | HP: 2/56 [orc priest/dagger (4)]
  8029 | D:6      | Killed from afar by an orc priest

Vault maps used:
D:1:      co_arrival_random_square_maze, minivault_26
D:2:      gammafunk_temple_overflow_pools, uniq_iyjb, uniq_terence
D:4:      minmay_misc_feat_diagonals, minmay_joined_circles
D:5:      first_bread, minmay_misc_feat_tower, uniq_menkaure
D:6:      uniq_sigmund
D:7:      gammafunk_temple_overflow_claw
Temple:   regret_index_temple_generic_petals

Skill      XL: |  1  2  3  4  5  6  7  8  9 |
---------------+----------------------------+-----
Stealth        | 3 4 6 |  6.5
Fighting       | 1 2 3 |  3.1
Short Blades   | 1 2 3 |  3.2
Hexes          | 2 |  2.0
Conjurations   | 5 7 |  7.1
Spellcasting   | 3 4 |  4.8
Dodging        | 4 |  4.2
Throwing       | 3 4 |  4.0

Action                   |  1- 3 |  4- 6 |  7- 9 || total
-------------------------+-------+-------+-------++-------
Melee: Dagger            |    18 |       |    84 ||   102
       Constrict         |     8 |    13 |    20 ||    41
       Tentacles         |     6 |    14 |    18 ||    38
       Short sword       |    14 |    52 |    47 ||   113
Throw: Javelin           |     8 |    17 |     7 ||    32
 Cast: Magic Dart        |    30 |    61 |    42 ||   133
       Searing Ray       |     1 |     8 |    14 ||    23
       Dazzling Spray    |       |       |     4 ||     4
       Iskenderun's Myst |       |       |     1 ||     1
  Use: Scroll            |     7 |     3 |     5 ||    15
       Potion            |     1 |     2 |     4 ||     7
 Stab: Sleeping          |     5 |     3 |     8 ||    16
       Invisible         |       |       |     1 ||     1
  Eat: Chunk             |     2 |     8 |    10 ||    20
       Beef jerky        |       |     1 |       ||     1
       Fruit             |       |     2 |     1 ||     3
       Pizza             |       |       |     1 ||     1
Armor: Skin              |     3 |     1 |     5 ||     9
Dodge: Dodged            |    19 |    29 |    80 ||   128
